Map: [TLMC15] Hardwire

Players

RagnaroK (SHIN)

  • Race: Zerg Zerg

Reynor - Winner!

  • Race: Zerg Zerg

Event: DreamHack SC2 Masters Last Chance 2022

VOD

Have the link to the VOD?

Description

Time

  • Played on: Jan. 12, 2022, 12:17 p.m.
  • Length: 7:17

All games in this series

Show
View Real Time Build Order
Export as new Build Order

RagnaroK Zerg 

Build Orders: Hatch First, Zergling Baneling 

Get SALT Encoding   

  12  0:00  Drone  
  13  0:12  Overlord  
  13  0:16  Drone  
  14  0:31  Drone x2  
  16  0:47  Hatchery  
  15  0:52  Drone  
  15  0:55  Drone  
  17  0:58  Drone  
  18  1:09  Extractor  
  17  1:13  Spawning Pool  
  17  1:16  Drone  
  17  1:20  Drone  
  18  1:28  Drone  
  19  1:39  Drone  
  20  1:49  Drone  
  21  2:00  Queen x2  
  21  2:01  Drone  
  26  2:02  Drone  
  27  2:10  Overlord  
  27  2:12  Zergling x2  
  27  2:13  Metabolic Boost  
  28  2:30  Drone  
  28  2:31  Hatchery  
  28  2:32  Drone  
  28  2:34  Drone  
  28  2:37  Drone  
  31  2:44  Queen  
  31  2:50  Baneling Nest  
  32  2:55  Overlord  
  32  2:59  Drone x2  
  32  3:04  Zergling x4  
  36  3:16  Drone x6  
  36  3:18  Zergling x2  
  43  3:24  Evolution Chamber  
  43  3:25  Zergling x2  
  43  3:28  Overlord  
  43  3:41  Baneling x2  
  43  3:43  Zergling x10  
  43  3:44  Baneling  
  48  3:51  Roach Warren  
  48  3:53  Zergling x6  
  48  4:02  Zergling x6  
  48  4:03  Zergling x4  
  50  4:10  Extractor, Zergling x4  
  50  4:13  Zergling x6  
  50  4:15  Zergling x2  
  50  4:16  Zergling x2  
  50  4:17  Baneling  
  50  4:19  Zergling x2  
  50  4:20  Zergling x2  
  50  4:21  Baneling x2  
  50  4:26  Zergling x2  
  50  4:27  Baneling  
  50  4:28  Zergling x2  
  50  4:29  Zergling x2  
  50  4:30  Baneling  
  47  4:35  Zergling x2  
  44  4:39  Roach  
  44  4:40  Queen  
  44  4:41  Zergling x2  
  38  4:51  Zergling x6  
  36  4:57  Zergling x2  
  36  4:59  Zergling x2  
Show
View Real Time Build Order
Export as new Build Order

Reynor Zerg - Winner!

Build Orders: Hatch First, Zergling Baneling 

Get SALT Encoding   

  12  0:00  Drone  
  13  0:12  Overlord  
  13  0:16  Drone  
  14  0:31  Drone x2  
  16  0:48  Hatchery  
  15  0:51  Drone  
  15  0:54  Drone  
  17  0:57  Drone  
  18  1:09  Extractor  
  17  1:13  Spawning Pool  
  17  1:16  Drone  
  17  1:19  Drone  
  18  1:28  Drone  
  19  1:39  Drone  
  20  1:50  Drone  
  21  2:00  Overlord, Queen x2  
  25  2:01  Zergling x2  
  26  2:09  Metabolic Boost  
  26  2:11  Drone x2  
  28  2:22  Drone x2  
  30  2:34  Hatchery  
  30  2:36  Drone  
  30  2:38  Drone  
  31  2:45  Zergling x2  
  31  2:47  Baneling Nest  
  31  2:52  Overlord  
  31  2:54  Drone  
  31  2:55  Zergling x2  
  33  3:05  Zergling x4  
  33  3:10  Drone  
  33  3:11  Zergling x2  
  33  3:12  Zergling x8  
  41  3:18  Overlord  
  41  3:22  Zergling x2  
  42  3:29  Zergling x2  
  42  3:32  Zergling x2, Baneling x2  
  44  3:40  Zergling x4  
  44  3:41  Zergling x8  
  50  3:42  Baneling x2  
  50  3:46  Zergling x2  
  50  3:47  Zergling x2  
  52  3:50  Baneling x2  
  51  3:59  Zergling x8  
  51  4:07  Zergling x4  
  51  4:12  Zergling x2  
  51  4:15  Baneling x2  
  51  4:16  Baneling  
  50  4:17  Zergling x4  
  50  4:18  Zergling x6  
  50  4:22  Baneling  
  54  4:25  Zergling x6  
  57  4:31  Zergling x4  
  57  4:38  Zergling x2  
  57  4:41  Zergling x6  
  57  4:45  Zergling x2  
  57  4:49  Baneling x3  
  57  4:50  Zergling x2  
  57  4:52  Zergling x4  

Tags
 
Add a new tag
Caveats
  • Supply blocks, unpowered buildings, or Contaminate may cause inaccurate times.
  • Supply counts are checked every 10 seconds.